 Dungeon Crawl Stone Soup version 0.17-a0-1769-g54adf96 (webtiles) character file.

970 wvc the Chopper (level 7, 0/53 HPs)
             Began as a Mummy Monk on Sept 7, 2015.
             Was a Follower of Trog.
             Shot with an arrow by a centaur (7 damage)
             ... on level 7 of the Dungeon.
             The game lasted 00:16:18 (7895 turns).

wvc the Chopper (Mummy Monk)                        Turns: 7895, Time: 00:16:19

Health: 0/53       AC:  7    Str: 15    XL:     7   Next: 94%
Magic:  7/7        EV: 11    Int: 11    God:    Trog [*.....]
Gold:   410        SH:  0    Dex: 14    Spells: 0 memorised, 6 levels left

rFire  . . .     SeeInvis +     j - +1 war axe (vamp)
rCold  . . .     Clarity  .     o - +0 ring mail
rNeg   + + +     SustAt   .     (no shield)
rPois  ∞         Gourm    .     (no helmet)
rElec  .         Spirit   .     g - +0 cloak
rCorr  .         Warding  .     a - +0 pair of gloves
rMut   .         Stasis   .     (no boots)
MR     .....                    (no amulet)
Stlth  +.........               v - ring of Shadows {Umbra +Inv rN+ SInv}
                                i - ring of fire

@: wreathed by umbra, not resistant to hostile enchantments, very unstealthy
A: no food or potions, fire vulnerability, cold resistance 1, negative energy
resistance 3, torment resistance, unbreathing
a: Burn Spellbooks, Renounce Religion, Evoke Invisibility


You were on level 7 of the Dungeon.
You worshipped Trog.
Trog was aware of your devotion.
You were not hungry.

You visited 1 branch of the dungeon, and saw 7 of its levels.

You collected 410 gold pieces.

Inventory:

Hand weapons
 c - a +0 blowgun
 j - a +1 vampiric war axe (weapon)
 n - a +2 flail of crushing
 s - the +4 quarterstaff of the Forest {crush, rC- MR++ Int+2}
   (You found it on level 5 of the Dungeon)

   It inflicts extra damage upon your enemies.
   It affects your intelligence (+2).
   It makes you vulnerable to cold.
   It affects your resistance to hostile enchantments.
Missiles
 d - 49 poisoned needles
 f - 222 stones
 l - 6 javelins (quivered)
Armour
 a - a +0 pair of gloves (worn)
 g - a +0 cloak (worn)
 o - a +0 ring mail (worn)
 q - a +0 buckler
Jewellery
 i - a ring of fire (left hand)
 v - the ring of Shadows (right hand) {Umbra +Inv rN+ SInv}
   (You found it on level 6 of the Dungeon)

   [ring of invisibility]

   It protects you from negative energy.
   It lets you see invisible.
   It lets you turn invisible.
Magical devices
 p - a wand of fireball (5)
 r - a wand of digging (7)
 u - a wand of lightning (12)
Scrolls
 e - 5 scrolls of remove curse
 h - a scroll of teleportation
 m - 3 scrolls of fog
 t - a scroll of recharging
 w - a scroll of magic mapping


   Skills:
 - Level 3.9 Fighting
 * Level 6.0(6.3) Axes
 - Level 2.8(4.8) Maces & Flails
 - Level 1.8 Armour
 - Level 2.4 Dodging
 - Level 1.5 Stealth
 + Level 0.7 Shields
 - Level 3.2 Unarmed Combat


You had 6 spell levels left.
You didn't know any spells.

Dungeon Overview and Level Annotations

Branches:
Dungeon (7/15)             Temple (0/1) D:5

Altars:
Ashenzari
Fedhas
Okawaru
Qazlal
Ru
Trog

Shops:
D:4 %

Annotations:
D:1 Ijyb
D:4 Sigmund; orochimarko's ghost, average GrBe


Innate Abilities, Weirdness & Mutations

You do not eat or drink.
Your flesh is vulnerable to fire.
You are immune to poison.
Your flesh is cold resistant.
You are immune to negative energy.
You are immune to unholy pain and torment.
You can survive without breathing.


Message History

The quokka bites you.
* * * LOW HITPOINT WARNING * * *
The orc wizard hits you but does no damage.
The quokka bites you but does no damage.
The gnoll moves out of view.
The gnoll hits you from afar with a spear.
* * * LOW HITPOINT WARNING * * *
You hear a blaring wail to the north.
Found a pink potion and 8 gold pieces.
A quokka, a worker ant, 4 gnolls, an orc warrior and a centaur come into view.
Read which item? (? for menu, Esc to quit)
As you read the scroll labeled NELIET ZARPH, it crumbles to dust.
This is a scroll of acquirement! [a] Weapon [b] Armour [c] Jewellery [d] Book [e] Staff [f] Wand [g] Miscellaneous [i] Gold [j] Ammunition What kind of item would you like to acquire? (\ to view known items)
Something appears at your feet!
The centaur shouts!
The centaur wields a shortbow.
The centaur shoots an arrow.
The arrow hits you!
You die... ..g ....$# # ga .....# .. .g#.....## # .#. .....c... .. .... gJ.......

[. ....g
#g..F.... ..
......#........
.. .......@..#
%.
......#ro.o..oo
.. .....
########. ..
!..# .. ## ..
.. ##


You could see an orc warrior, a giant frog, a centaur, a gnoll shaman
(wandering), a jelly, a worker ant (wandering), an orc wizard, 5 gnolls, 2 orcs
and a quokka.

Vanquished Creatures
  Edmund (D:5)
  A giant frog (D:6)
  A scorpion (D:3)
  A killer bee (D:7)
  2 wights (D:6)
  A hound (D:3)
  A giant frog skeleton (D:5)
  2 crimson imps
  Crazy Yiuf (D:3)
  An iguana (D:5)
  5 orc wizards (D:5)
  A worker ant (D:4)
  A hound skeleton (D:5)
  A worker ant zombie (D:5)
  11 adders
  An adder zombie (D:5)
  4 worms
  5 giant geckos
  19 orcs
  8 bats
  9 goblins
  11 hobgoblins
  10 kobolds
  4 quokkas
  A ball python (D:3)
  11 giant cockroaches
  A giant gecko skeleton (D:4)
  6 giant newts
  4 jackals (D:1)
  A jackal skeleton (D:4)
  A jackal zombie (D:5)
  A quokka zombie (D:5)
  25 rats
  A fungus (D:3)
154 creatures vanquished.

Notes
Turn   | Place    | Note
--------------------------------------------------------------
     0 | D:1      | wvc the Mummy Monk began the quest for the Orb.
     0 | D:1      | Reached XP level 1. HP: 18/18 MP: 1/1
   358 | D:1      | Reached XP level 2. HP: 24/24 MP: 2/2
   944 | D:1      | Reached skill level 1 in Maces & Flails
   995 | D:1      | Reached XP level 3. HP: 30/30 MP: 3/3
  1284 | D:2      | Found a blossoming altar of Fedhas.
  1735 | D:2      | Found a sacrificial altar of Ru.
  1758 | D:2      | Became a worshipper of Ru the Awakened
  1876 | D:2      | Reached XP level 4. HP: 32/37 MP: 4/4
  2212 | D:2      | Noticed Ijyb
  2270 | D:2      | HP: 1/37 [Ijyb/enchanted club (7)]
  3449 | D:3      | Found a stormy altar of Qazlal.
  3719 | D:3      | Reached skill level 1 in Axes
  3719 | D:3      | Reached XP level 5. HP: 36/42 MP: 5/5
  4419 | D:3      | Noticed Crazy Yiuf
  4425 | D:3      | Killed Crazy Yiuf
  4616 | D:4      | Noticed orochimarko's ghost (average GrBe)
  4634 | D:3      | Reached skill level 1 in Armour
  4634 | D:3      | Reached XP level 6. HP: 24/48 MP: 6/6
  4862 | D:4      | Found Tuokhuobb's Food Emporium.
  5376 | D:4      | Found a bloodstained altar of Trog.
  5401 | D:4      | Fell from the grace of Ru
  5401 | D:4      | Became a worshipper of Trog the Wrathful
  5436 | D:4      | Noticed Sigmund
  5703 | D:5      | Entered Level 5 of the Dungeon
  6291 | D:5      | Reached skill level 4 in Axes
  6295 | D:5      | Reached XP level 7. HP: 46/53 MP: 7/7
  6435 | D:5      | Noticed Edmund
  6468 | D:5      | Killed Edmund
  6568 | D:5      | Found a staircase to the Ecumenical Temple.
  6573 | D:5      | Got a pitted quarterstaff
  6579 | D:5      | Identified the +4 quarterstaff of the Forest {crush, rC- MR++ Int+2} (You found it on level 5 of the Dungeon)
  6700 | D:5      | Reached skill level 5 in Axes
  7304 | D:6      | Found an iron altar of Okawaru.
  7306 | D:6      | Found a shattered altar of Ashenzari.
  7342 | D:6      | Acquired Trog's first power
  7890 | D:7      | Reached skill level 6 in Axes
  7895 | D:7      | Identified a scroll of acquirement
  7895 | D:7      | Shot with an arrow by a centaur

Vault maps used:
D:1:      erik_arrival_orb_chamber, minmay_misc_feat_encased, minmay_surrounded
D:2:      fedhas_altar_1, lemuel_doored_altar, minmay_large_rounded_square,
          minmay_cut_off, uniq_iyjb
D:3:      grunt_qazlal_clouds, uniq_crazy_yiuf_cottage
D:4:      nicolae_overflow_crystal_walls, serial_shops, nicolae_shop_trees,
          uniq_sigmund
D:5:      temple_hall, first_bread, uniq_edmund
D:6:      gammafunk_temple_overflow_pools
D:7:      amethyst_killhole

Action                   |  1- 3 |  4- 6 |  7- 9 || total
-------------------------+-------+-------+-------++-------
Melee: Unarmed           |   178 |    82 |       ||   260
       Mace              |       |    42 |       ||    42
       War axe           |       |   203 |   149 ||   352
Throw: Javelin           |       |     3 |       ||     3
       Stone             |       |     1 |       ||     1
Invok: Reject Sacrifices |     1 |       |       ||     1
  Use: Scroll            |       |     9 |     7 ||    16
 Stab: Sleeping          |     7 |     1 |     1 ||     9
       Distracted        |     1 |       |       ||     1
